 Dungeon Crawl Stone Soup version 0.18.1-6-gd335043 (webtiles) character file.

9206 nubinia the Thaumaturge (level 11, 0/66 HPs)
             Began as a High Elf Ice Elementalist on May 19, 2016.
             Was a High Priest of Sif Muna.
             Slain by a white ugly thing (7 damage)
             ... on level 11 of the Dungeon.
             The game lasted 01:22:52 (12499 turns).

nubinia the Thaumaturge (HEIE)                     Turns: 12499, Time: 01:22:52

Health: 0/66       AC: 16    Str:  7    XL:     11   Next: 20%
Magic:  24/35      EV: 15    Int: 23    God:    Sif Muna [*****.]
Gold:   638        SH:  0    Dex: 16    Spells: 4 memorised, 21 levels left

rFire  . . .     SeeInvis +     a - +4 dagger (venom)
rCold  + . .     Gourm    .     G - +0 leather armour {rN+}
rNeg   + . .     Faith    .     (no shield)
rPois  .         Spirit   .     o - +0 helmet
rElec  .         Dismiss  .     (no cloak)
rCorr  .         Reflect  .     s - +0 pair of gloves
SustAt .         Harm     .     y - +2 pair of boots of the Salamander {SInv}
MR     +....                    (no amulet)
Stlth  ++........               C - ring of protection from cold
                                k - ring of magical power

@: icy armour, slow, somewhat resistant to hostile enchantments, unstealthy
A: no striking features
a: Channel Energy, Forget Spell, Renounce Religion


You were on level 11 of the Dungeon.
You worshipped Sif Muna.
Sif Muna was extremely pleased with you.
You were not hungry.

You visited 2 branches of the dungeon, and saw 12 of its levels.

You collected 638 gold pieces.

Inventory:

Hand Weapons
 a - a +4 dagger of venom (weapon)
 b - a +2 longbow
 i - a +0 dagger
 j - a +2 falchion of distortion
 w - the +9 hunting sling "Xapa" {speed, rN+}
   (You took it off an orc on level 7 of the Dungeon)

   Attacks with this weapon are significantly faster.
   It protects you from negative energy.
 I - the cursed +14 obsidian axe {chop, +Fly Str+3 SInv *Curse}
   (You found it on level 11 of the Dungeon)

   It inflicts extra damage upon your enemies.
   It affects your strength (+3).
   It lets you see invisible.
   It lets you fly.
   It may re-curse itself when equipped.
   It has a curse placed upon it.
 R - a +2 dagger of freezing
Missiles
 A - 175 arrows
Armour
 n - a +0 robe
 o - a +0 helmet (worn)
 s - a +0 pair of gloves (worn)
 y - the +2 pair of boots of the Salamander (worn) {SInv}
   (You found it on level 4 of the Dungeon)

   It lets you see invisible.
 G - a +0 leather armour of positive energy (worn)
Jewellery
 k - a ring of magical power (left hand)
 u - the ring "Qadoxiuc" {SustAt +Inv rElec rF++ Dex-3, unknown}
   (You took it off an orc warrior on level 8 of the Dungeon)

   [ring of sustain attributes]

   It sustains your strength, intelligence and dexterity.
   It affects your dexterity (-3).
   It greatly protects you from fire.
   It insulates you from electricity.
   It lets you turn invisible.
 C - a ring of protection from cold (right hand)
 L - an uncursed ring of see invisible
Wands
 g - a wand of polymorph (10/24)
 p - a wand of confusion (21/48)
 q - a wand of lightning (0/15)
 r - a wand of random effects (26/48)
 D - a wand of paralysis (14/24)
 T - a wand of iceblast (3/15)
 U - a wand of disintegration (5/24)
Scrolls
 c - a scroll of magic mapping {unknown}
 h - 3 scrolls of remove curse
 m - a scroll of enchant armour {unknown}
 x - a scroll of summoning {unknown}
 B - a scroll of fear {unknown}
 H - a scroll of recharging {unknown}
 J - a scroll of amnesia {unknown}
 K - a scroll of immolation {unknown}
 M - a scroll of random uselessness {unknown}
 P - 3 scrolls of fog
Potions
 d - 2 potions of curing
 f - a potion of agility {unknown}
 t - 2 potions of magic
 v - a potion of brilliance
 E - a potion of mutation
 O - 3 potions of heal wounds
 Q - a potion of haste
 V - a potion of flight {unknown}
Books
 z - a book of the Sky

   Spells                             Type                      Level
   a - Summon Lightning Spire         Summoning/Air                4
   b - Airstrike                      Air                          4
   c - Silence                        Hexes/Air                    5
   d - Deflect Missiles               Charms/Air                   6
   e - Conjure Ball Lightning         Conjuration/Air              6
   f - Tornado                        Air                          9
 F - a book of Frost

   Spells                             Type                      Level
   a - Freeze                         Ice                          1
   b - Throw Frost                    Conjuration/Ice              2
   c - Ozocubu's Armour               Charms/Ice                   3
   d - Throw Icicle                   Conjuration/Ice              4
   e - Summon Ice Beast               Ice/Summoning                4
Miscellaneous
 N - a fan of gales (inert)
Comestibles
 l - 4 meat rations
 S - a bread ration


   Skills:
 + Level 2.9 Fighting
 + Level 3.1 Short Blades
 + Level 4.8 Bows
 + Level 6.7 Dodging
 + Level 3.3 Stealth
 * Level 10.9 Spellcasting
 + Level 2.1 Conjurations
 + Level 5.2 Charms
 + Level 7.6 Ice Magic
 * Level 9.8 Air Magic
 + Level 0.2 Evocations


You had 21 spell levels left.
You knew the following spells:

 Your Spells              Type           Power        Failure   Level  Hunger
a - Freeze                Ice            ####         1%          1    None
b - Throw Frost           Conj/Ice       ####..       1%          2    None
c - Ozocubu's Armour      Chrm/Ice       #####...     1%          3    None
d - Airstrike             Air            ######....   1%          4    None


Dungeon Overview and Level Annotations

Branches:
Dungeon (11/15)            Temple (1/1) D:4             Orc (0/2) D:9
   Lair: D:8-11

Altars:
Ashenzari
Cheibriados
Dithmenos
Elyvilon
Fedhas
Nemelex Xobeh
Okawaru
Pakellas
Qazlal
Ru
Sif Muna
Trog
Vehumet
Xom
Yredelemnul
The Shining One

Shops:
D:5 :

Annotations:
D:3 DEFE's ghost, amateur DrFi
D:4 no0bjke's ghost, novice MiFi
D:6 2 runed doors, DEFE's ghost, novice DrFi


Message History

You hit the white ugly thing.
The white ugly thing is lightly wounded.
You hit the white ugly thing.
The white ugly thing is moderately wounded.
The white ugly thing claws you. The white ugly thing freezes you! You resist.
The white ugly thing misses you.
You hit the white ugly thing but do no damage.
The white ugly thing is moderately wounded.
The white ugly thing misses you. The white ugly thing claws you!
The white ugly thing freezes you. You resist.
You see here a robe.
The white ugly thing closely misses you.
The white ugly thing claws you but does no damage.
The white ugly thing claws you. The white ugly thing freezes you! You resist.
* * * LOW HITPOINT WARNING * * *
The white ugly thing closely misses you.
The white ugly thing claws you!
* * * LOW HITPOINT WARNING * * *
The white ugly thing freezes you! You resist.
You die...

####'###
#..##
##...
###.
######+##
#.
#.......#
###'
#.......#
#...
#.u.....+
#...
#.@.....#
#...
#.......#
#...
#.......#
#...
#.......#
#...
#....[..#
#...
#.......#
+...
#...!...#
#...
######+##
##+#


You could see a white ugly thing.

Vanquished Creatures
  Erica (D:8)
  3 unseen horrors
  Maurice (D:8)
  2 trolls
  Grinder (D:3)
  A two-headed ogre (D:8)
  A wraith (D:11)
  2 hungry ghosts
  3 hippogriffs
  3 water moccasins
  4 sky beasts
  3 ice beasts
  2 black bears
  4 orc warriors
  A wasp (D:9)
  2 necrophages
  7 ogres
  4 centaurs
  3 giant frogs
  A big kobold (D:7)
  4 jellies
  4 scorpions
  3 wights (D:8)
  7 crimson imps
  A giant frog zombie (D:5)
  4 orc priests
  7 orc wizards
  2 centaur skeletons
  7 hounds
  Natasha (thrice) (D:3)
  2 iguanas
  4 worker ants
  A killer bee zombie (D:11)
  2 hound zombies (D:5)
  A hound skeleton (D:7)
  3 worker ant zombies
  Robin (D:3)
  A howler monkey skeleton (D:6)
  8 adders
  A river rat (D:11)
  2 oozes (D:5)
  An adder skeleton (D:7)
  An adder zombie (D:9)
  5 worms
  A dart slug (D:1)
  3 giant geckos
  44 orcs
  2 giant cockroaches
  13 goblins
  10 hobgoblins
  6 jackals
  2 quokkas
  A ball python (D:3)
  6 bats
  4 giant newts
  11 kobolds
  7 rats
234 creatures vanquished.

Vanquished Creatures (collateral kills)
  A hungry ghost (D:9)
1 creature vanquished.

Vanquished Creatures (others)
  A centaur (D:5)
  2 fungi (D:11)
3 creatures vanquished.

Grand Total: 238 creatures vanquished

Notes
Turn   | Place    | Note
--------------------------------------------------------------
     0 | D:1      | nubinia the High Elf Ice Elementalist began the quest for the Orb.
     0 | D:1      | Reached XP level 1. HP: 11/11 MP: 4/4
   401 | D:1      | Reached XP level 2. HP: 16/17 MP: 3/6
   405 | D:1      | Learned a level 2 spell: Throw Frost
  1097 | D:2      | Reached XP level 3. HP: 16/21 MP: 1/8
  1104 | D:2      | Reached skill level 3 in Spellcasting
  1885 | D:3      | Learned a level 3 spell: Ozocubu's Armour
  1892 | D:3      | Found a blossoming altar of Fedhas.
  1892 | D:3      | Noticed DEFE's ghost (amateur DrFi)
  1926 | D:3      | Noticed Robin
  2487 | D:3      | Killed Robin
  2487 | D:3      | Reached XP level 4. HP: 23/27 MP: 9/9
  2763 | D:3      | Reached skill level 1 in Charms
  2978 | D:3      | Noticed Natasha
  2992 | D:3      | Killed Natasha
  3121 | D:3      | Noticed Grinder
  3124 | D:3      | Reached XP level 5. HP: 29/32 MP: 11/11
  3142 | D:3      | Paralysed by Grinder for 3 turns
  3150 | D:3      | Killed Grinder
  3150 | D:3      | Reached skill level 4 in Spellcasting
  3150 | D:3      | Reached skill level 5 in Ice Magic
  3150 | D:3      | Reached XP level 6. HP: 23/37 MP: 13/13
  3271 | D:3      | Noticed Natasha
  3281 | D:3      | Killed Natasha
  3297 | D:3      | Noticed Natasha
  3340 | D:3      | Killed Natasha
  3864 | D:4      | Noticed no0bjke's ghost (novice MiFi)
  4146 | D:5      | Entered Level 5 of the Dungeon
  4152 | D:5      | Reached skill level 1 in Fighting
  4237 | D:5      | Reached skill level 5 in Spellcasting
  4237 | D:5      | Reached XP level 7. HP: 29/43 MP: 11/15
  4460 | D:5      | Reached skill level 1 in Short Blades
  4519 | D:4      | Found a white marble altar of Elyvilon.
  4556 | D:4      | Got a pair of fine boots
  4562 | D:4      | Identified the +2 pair of boots of the Salamander {SInv} (You found it on level 4 of the Dungeon)
  4641 | D:4      | Learned a level 4 spell: Airstrike
  4820 | D:5      | Reached skill level 1 in Air Magic
  5035 | D:5      | Reached XP level 8. HP: 48/48 MP: 16/16
  5133 | D:4      | Found a staircase to the Ecumenical Temple.
  5138 | Temple   | Entered the Ecumenical Temple
  5146 | Temple   | Became a worshipper of Sif Muna the Loreminder
  5294 | D:6      | Noticed DEFE's ghost (novice DrFi)
  5318 | D:5      | Found Erytrean's Book Emporium.
  5684 | D:5      | Reached skill level 5 in Air Magic
  5812 | D:5      | Found a basalt altar of Yredelemnul.
  5814 | D:5      | Noticed a profane servitor
  5825 | D:5      | Found a glowing golden altar of the Shining One.
  6083 | D:5      | Noticed an angel
  6219 | D:6      | Found a runed door.
  6241 | D:6      | Found a runed door.
  6358 | D:6      | Reached * piety under Sif Muna
  6691 | D:7      | Found a snail-covered altar of Cheibriados.
  6691 | D:7      | Found a bloodstained altar of Trog.
  6691 | D:7      | Found an oddly glowing altar of Pakellas.
  6691 | D:7      | Found a sparkling altar of Nemelex Xobeh.
  6706 | D:7      | Found an iron altar of Okawaru.
  6706 | D:7      | Found a shattered altar of Ashenzari.
  7195 | D:7      | Reached XP level 9. HP: 51/54 MP: 18/18
  7606 | D:6      | Reached skill level 6 in Spellcasting
  8242 | D:8      | Reached skill level 5 in Dodging
  8394 | D:8      | Reached ** piety under Sif Muna
  8527 | D:8      | Noticed Maurice
  8546 | D:8      | Paralysed by Maurice for 3 turns
  8551 | D:8      | Killed Maurice
  8551 | D:8      | Reached skill level 7 in Spellcasting
  8599 | D:7      | Got a dazzling hunting sling
  8601 | D:7      | Identified the +9 hunting sling "Xapa" {speed, rN+} (You took it off an orc on level 7 of the Dungeon)
  8726 | D:8      | Noticed an unseen horror
  8753 | D:8      | Killed an unseen horror
  8753 | D:8      | Reached skill level 1 in Bows
  8958 | D:8      | Reached skill level 8 in Spellcasting
  9066 | D:8      | Reached *** piety under Sif Muna
  9183 | D:8      | Found a bloodstained altar of Trog.
  9267 | D:8      | Reached skill level 5 in Charms
  9270 | D:8      | Noticed Erica
  9275 | D:9      | Noticed a troll
  9301 | D:10     | Entered Level 10 of the Dungeon
  9503 | D:9      | Reached XP level 10. HP: 57/60 MP: 23/23
 10311 | D:8      | Reached skill level 9 in Spellcasting
 10393 | D:8      | Got a faintly glowing copper ring
 10588 | D:8      | Killed Erica
 10683 | D:8      | Reached **** piety under Sif Muna
 11294 | D:9      | Reached skill level 10 in Spellcasting
 11506 | D:9      | Found a staircase to the Orcish Mines.
 11774 | D:10     | Noticed an unseen horror
 11789 | D:10     | Killed an unseen horror
 12002 | D:10     | Reached XP level 11. HP: 66/66 MP: 22/26
 12003 | D:10     | Noticed an unseen horror
 12017 | D:10     | Killed an unseen horror
 12153 | D:11     | Reached ***** piety under Sif Muna
 12307 | D:11     | Found an iron altar of Okawaru.
 12442 | D:11     | Noticed a hill giant
 12468 | D:11     | Noticed a white ugly thing
 12499 | D:11     | Slain by a white ugly thing

Skill      XL: |  1  2  3  4  5  6  7  8  9 10 11 |
---------------+----------------------------------+-----
Spellcasting   | 3 4 5 8 10 | 10.9
Ice Magic      | 4 5 6 7 |  7.6
Charms         | 1 2 3 5 |  5.2
Fighting       | 1 2 |  2.9
Dodging        | 3 4 5 6 |  6.7
Short Blades   | 1 2 3 |  3.1
Air Magic      | 3 8 9 |  9.8
Conjurations   | 2 |  2.1
Stealth        | 3 |  3.3
Bows           | 2 4 |  4.8
Evocations     | |  0.2

Action                   |  1- 3 |  4- 6 |  7- 9 | 10-12 || total
-------------------------+-------+-------+-------+-------++-------
Melee: Unarmed           |     1 |       |       |       ||     1
       Dagger            |    16 |    79 |   352 |   163 ||   610
 Fire: Longbow           |       |       |    50 |    94 ||   144
 Cast: Freeze            |    59 |    28 |    27 |    91 ||   205
       Ozocubu's Armour  |     4 |    14 |    44 |    30 ||    92
       Throw Frost       |     1 |    11 |    29 |     9 ||    50
       Airstrike         |       |       |    11 |    27 ||    38
Invok: Channel Energy    |       |       |       |     7 ||     7
Evoke: Wand              |       |     2 |       |       ||     2
       Fan of gales      |       |       |       |     1 ||     1
  Use: Potion            |     1 |       |     6 |     2 ||     9
       Scroll            |     2 |     1 |    12 |     4 ||    19
 Stab: Sleeping          |     3 |     2 |     6 |       ||    11
  Eat: Chunk             |     4 |     6 |    20 |    16 ||    46
       Beef jerky        |     1 |       |     1 |       ||     2
       Pizza             |       |       |     2 |       ||     2
       Bread ration      |       |       |     1 |     2 ||     3
       Royal jelly       |       |       |     1 |       ||     1
Armor: Robe              |    19 |    28 |    41 |       ||    88
       Leather armour    |       |       |   103 |   138 ||   241
       Skin              |       |       |       |     9 ||     9
Dodge: Dodged            |    51 |    52 |   287 |   229 ||   619
